Map: Dusk Towers

Players

Cabide - Winner!

  • Race: Protoss Protoss
  • League: Silver

juhyg

  • Race: Zerg Zerg
  • League: Bronze

VOD

Have the link to the VOD?

Description

Time

  • Played on: Feb. 5, 2016, 8:47 p.m.
  • Length: 9:08
Show
View Real Time Build Order
Export as new Build Order

Cabide Protoss - Winner!

Build Orders:  

Get SALT Encoding   

  12  0:12  Probe (Chrono Boost)  
  13  0:23  Probe (Chrono Boost)  
  13  0:25  Pylon  
  14  0:33  Probe (Chrono Boost)  
  15  0:44  Probe (Chrono Boost)  
  15  0:45  Gateway  
  16  0:54  Probe (Chrono Boost)  
  17  1:05  Probe (Chrono Boost)  
  17  1:06  Assimilator  
  18  1:13  Assimilator  
  18  1:15  Probe (Chrono Boost)  
  19  1:20  Pylon  
  19  1:26  Probe (Chrono Boost)  
  20  1:33  Cybernetics Core  
  20  1:37  Probe (Chrono Boost)  
  21  1:42  Gateway  
  21  1:50  Zealot  
  23  1:55  Probe (Chrono Boost)  
  24  2:06  Probe (Chrono Boost)  
  25  2:09  Gateway  
  25  2:18  Adept  
  27  2:33  Warp Gate (Chrono Boost)  
  27  2:36  Mothership Core  
  29  2:44  Adept  
  29  2:45  Pylon  
  31  3:03  Adept  
  31  3:04  Sentry  
  35  3:09  Pylon  
  35  3:13  Pylon  
  35  3:19  Adept  
  35  4:00  Probe  
  35  4:01  Adept  
  38  4:15  Gateway  
  36  4:19  Gateway  
  36  4:26  Pylon  
  36  4:29  Forge  
  36  4:31  Adept x2  
  40  4:42  Adept  
  38  5:08  Stalker x3  
  38  5:23  Nexus  
  38  5:24  Stargate  
  38  5:37  Photon Cannon  
  38  5:45  Robotics Facility  
  38  5:46  Stalker  
  38  5:49  Adept  
  42  6:00  Adept  
  35  6:32  Adept x3  
  33  6:33  Adept  
  37  6:43  Probe  
  37  6:44  Probe  
  39  6:48  Assimilator  
  39  6:54  Warp Prism  
  39  6:57  Probe  
  42  7:06  Oracle  
  45  7:09  Probe  
  42  7:26  Probe  
  42  7:27  Mothership Core  
  39  7:30  Sentry  
  39  7:37  Probe  
  41  7:39  Observer  
  43  7:48  Photon Cannon  
  43  7:52  Pylon  
  43  8:05  Adept x3  
  47  8:06  Adept  
  47  8:08  Probe  
  47  8:10  Probe  
  53  8:29  Probe  
  53  8:30  Probe  
  55  8:36  Pylon  
  55  8:40  Photon Cannon  
Show
View Real Time Build Order
Export as new Build Order

juhyg Zerg 

Build Orders: Hatch First 

Get SALT Encoding   

  12  0:15  Drone x2  
  12  0:18  Overlord  
  14  0:47  Hatchery  
  13  1:15  Spawning Pool  
  12  1:23  Drone x3  
  15  1:32  Extractor  
  14  1:35  Drone  
  15  1:55  Drone  
  15  1:57  Drone  
  17  2:01  Drone  
  17  2:05  Queen  
  17  2:06  Queen  
  22  2:09  Drone  
  22  2:10  Drone  
  24  2:23  Zergling x4  
  24  2:29  Drone  
  27  2:31  Drone  
  28  2:44  Overlord x2  
  28  3:01  Roach Warren  
  28  3:02  Extractor  
  28  3:03  Drone x3  
  29  3:08  Zergling x2  
  29  3:12  Zergling x2  
  31  3:15  Drone  
  32  3:33  Metabolic Boost  
  32  3:35  Lair  
  29  3:56  Roach x4  
  29  3:57  Roach x3  
  42  4:18  Overlord x3  
  42  4:22  Drone x2  
  44  4:31  Overlord x2  
  44  4:41  Drone x2  
  46  4:46  Drone x4  
  46  4:51  Drone  
  46  4:52  Drone  
  51  5:17  Roach x6  
  51  5:18  Roach  
  65  5:40  Spire  
  64  5:44  Hydralisk Den  
  64  5:48  Overlord x2  
  63  5:56  Zergling x2  
  63  5:57  Zergling x8, Roach  
  66  5:58  Roach x2  
  62  6:35  Hydralisk x2  
  62  6:36  Hydralisk x4  
  74  6:50  Extractor  
  74  6:51  Drone x5  
  74  6:52  Drone  
  74  7:35  Overlord x5  
  74  7:41  Roach x5  
  84  7:51  Muscular Augments  
  84  8:01  Zergling x4  
  84  8:03  Zergling x4  
  88  8:19  Zergling x8  
  92  8:24  Hatchery  
  91  8:32  Mutalisk x3  
  97  8:44  Extractor  
Tags
 
Add a new tag
Caveats
  • Supply blocks, unpowered buildings, or Contaminate may cause inaccurate times.
  • Supply counts are checked every 10 seconds.